 Dungeon Crawl Stone Soup version 0.23.0-3-gf3c87f2df8 (webtiles) character file.

Game seed: 18332437879780902376

36124 Flugkiller the Severer (level 13, -11/118 HPs)
             Began as a Minotaur Fighter on Feb 21, 2019.
             Was the Champion of Makhleb.
             Killed from afar by a fire dragon (48 damage)
             ... with a blast of flame
             ... on level 6 of the Lair of Beasts.
             The game lasted 00:12:27 (19813 turns).

Flugkiller the Severer (Minotaur Fighter)          Turns: 19813, Time: 00:12:27

Health: -11/118    AC: 20    Str: 26    XL:     13   Next: 51%
Magic:  17/17      EV:  7    Int:  5    God:    Makhleb [******]
Gold:   691        SH: 13    Dex: 10    Spells: 12/12 levels left

rFire    . . .     SeeInvis .   H - +2 broad axe (flame)
rCold    . . .     Gourm    .   c - +0 shield
rNeg     . . .     Faith    +   y - +0 plate armour
rPois    +         Spirit   .   (helmet restricted)
rElec    .         Reflect  .   j - +2 cloak
rCorr    .         Harm     .   (no gloves)
MR       +....                  u - +0 pair of boots {Fly}
Stlth    ..........             v - amulet of faith
HPRegen  0.29/turn              m - ring of protection from magic
MPRegen  0.15/turn              o - ring of poison resistance

@: flying, very slightly contaminated
A: retaliatory headbutt, horns 2
a: Minor Destruction, Lesser Servant of Makhleb, Major Destruction, Greater
Servant of Makhleb, Renounce Religion, Stop Flying


You were on level 6 of the Lair of Beasts.
You worshipped Makhleb.
Makhleb was exalted by your worship.
You were not hungry.

You visited 4 branches of the dungeon, and saw 19 of its levels.

You collected 1298 gold pieces.
You spent 607 gold pieces at shops.

Inventory:

Hand Weapons
 H - a +2 broad axe of flaming (weapon)
Armour
 c - a +0 shield (worn)
 h - a scarf of resistance
 j - a +2 cloak (worn)
 u - a +0 pair of boots of flying (worn)
 y - a +0 plate armour (worn)
Jewellery
 e - an uncursed amulet of rage {unknown}
 m - a ring of protection from magic (left hand)
 o - a ring of poison resistance (right hand)
 v - an amulet of faith (around neck)
 N - a +2 ring of strength
Wands
 n - a wand of acid (13) {@v2}
 G - a wand of iceblast (25) {@v4}
 M - a wand of scattershot (11) {@v5}
Scrolls
 b - 3 scrolls of enchant weapon
 p - 2 scrolls of enchant armour
 q - 4 scrolls of magic mapping
 s - 13 scrolls of remove curse {@r2}
 x - a scroll of immolation
 z - 9 scrolls of teleportation {@r3}
 O - 2 scrolls of fog
Potions
 a - 2 potions of flight
 d - 6 potions of might {@q4}
 g - 9 potions of curing {@q1}
 i - 4 potions of heal wounds {@q2}
 l - 2 potions of agility {@q5}
 r - 10 potions of lignification
 w - 4 potions of haste {@q3}
 A - 4 potions of brilliance
 B - 2 potions of resistance {@q6}
 C - 4 potions of magic
 E - a potion of ambrosia {unknown}
 F - 2 potions of degeneration {unknown}
 J - 2 potions of berserk rage {unknown}
 K - 2 potions of mutation {unknown}
 P - a potion of invisibility {unknown}
Comestibles
 f - 28 rations {@e1}
 t - 3 chunks of flesh


   Skills:
 + Level 12.2 Fighting
 * Level 16.0 Axes
 + Level 12.3 Armour
 + Level 12.2 Shields
 + Level 7.8 Invocations


You had 12 spell levels left.
You didn't know any spells.
Your spell library was empty.

Dungeon Overview and Level Annotations

Branches:
Dungeon (10/15)            Temple (1/1) D:5            Lair (6/6) D:10
 Shoals (0/4) Lair:4        Snake (0/4) Lair:3        Slime (0/5) Lair:6
    Orc (2/2) D:9
    Elf: Orc:2

Altars:
Ashenzari
Cheibriados
Dithmenos
Elyvilon
Fedhas
Gozag
Hepliaklqana
Kikubaaqudgha
Makhleb
Nemelex Xobeh
Okawaru
Qazlal
Ru
Sif Muna
Trog
Uskayaw
Vehumet
Wu Jian
Xom
Yredelemnul
Zin
The Shining One
Jiyva

Shops:
D:7 *?[*   D:8 =   Orc:1 (

Annotations:
D:4 3 runed translucent doors, Sondor's ghost, novice DsCK
D:6 1 runed translucent door, Crazy Yiuf


Innate Abilities, Weirdness & Mutations

You reflexively headbutt those who attack you in melee.
You have a pair of horns on your head.


Message History

The blast of flame hits your neqoxec!!!
Your neqoxec dies!
The komodo dragon bites you.
You slash the komodo dragon! You burn the komodo dragon.
You headbutt the komodo dragon!
The komodo dragon is almost dead.
The komodo dragon bites you!
You hit the komodo dragon but do no damage.
The komodo dragon is almost dead.
The komodo dragon bites you!
* * * LOW HITPOINT WARNING * * *
You hit the komodo dragon but do no damage.
You headbutt the komodo dragon!
You kill the komodo dragon!
Makhleb accepts your kill.
You feel better.
Unknown command.
The fire dragon breathes flames at you. The blast of flame hits you!!!
You die...

......#
##.D..........PP..##
.....##
#.............#####
......#
##..D..†..P#.##
......#
#.........###
.....## ##.†D..†<.##
.....###
#.......(..#
.......#
#P........P#
......##
#..........# ......#
#....@.....# .....##
##........## ....(#
#......(..# .P...##
#..........# ..P...#
#..........# .#....#
#........PP# .##..##
###..PP.#.P# ###P..#
########## #####


You could see a fire dragon and a swamp dragon.

Vanquished Creatures
  Josephine (Lair:4)
  A hydra (Lair:6)
  2 catoblepae (Lair:6)
  A two-headed ogre (D:10)
  Urug (Lair:3)
  Nergalle (D:10)
  Pikel (D:6)
  A merfolk siren (Lair:4)
  Joseph (D:9)
  A guardian serpent (Lair:3)
  10 spiny frogs
  A black mamba (Lair:5)
  A torpor snail (Lair:2)
  6 komodo dragons
  3 tyrant leeches (Lair:2)
  3 merfolk (Lair:4)
  A queen bee (D:9)
  14 blink frogs
  7 hippogriffs
  A slime creature (Lair:4)
  Sigmund (D:3)
  A wyvern (Lair:5)
  5 wraiths (Lair:4)
  35 yaks
  A hungry ghost (D:8)
  3 basilisks
  Eustachio (D:5)
  Menkaure (D:6)
  A steam dragon (Lair:6)
  4 swamp worms (Lair:2)
  An acid dragon (Lair:6)
  13 water moccasins
  5 porcupines
  3 swamp drakes (Lair:6)
  5 ice beasts
  4 slaves (D:6)
  A sky beast (D:6)
  A hornet zombie (D:7)
  9 orc warriors
  2 black bears
  2 phantoms
  6 ogres
  7 centaurs
  12 crocodiles
  2 big kobolds (D:10)
  8 bullfrogs
  2 scorpions
  A water moccasin skeleton (D:4)
  27 killer bees
  3 vampire bats (Lair:2)
  10 wights
  10 howler monkeys
  7 crimson imps
  10 jellies
  A quasit (D:8)
  5 hounds
  10 orc priests
  2 centaur skeletons
  A bullfrog skeleton (D:9)
  9 orc wizards
  4 iguanas
  6 worker ants
  A hound zombie (D:10)
  3 hound skeletons
  Robin (D:3)
  4 gnolls (D:7)
  15 adders
  2 shadow imps
  17 oozes
  4 adder skeletons
  An adder zombie (D:7)
  3 dart slugs
  A leopard gecko (D:7)
  43 orcs
  6 giant cockroaches
  14 goblins
  13 hobgoblins
  13 jackals
  5 quokkas
  A ball python (D:1)
  13 bats
  9 frilled lizards
  17 kobolds
  A quokka skeleton (D:6)
  6 rats
  2 plants (Lair:6)
495 creatures vanquished.

Vanquished Creatures (collateral kills)
  2 hydras
  3 tyrant leeches (Lair:2)
  A crocodile (Lair:5)
  A bullfrog (Lair:5)
7 creatures vanquished.

Vanquished Creatures (others)
  6 fungi
  11 plants
17 creatures vanquished.

Grand Total: 519 creatures vanquished

Notes
Turn   | Place    | Note
-------+----------+-------------------------------------------
     0 | D:1      | Flugkiller the Minotaur Fighter began the quest for the
                  | Orb.
     0 | D:1      | Reached XP level 1. HP: 19/19 MP: 0/0
   110 | D:1      | Reached XP level 2. HP: 27/27 MP: 1/1
   228 | D:1      | Reached skill level 3 in Axes
   436 | D:2      | Reached XP level 3. HP: 32/33 MP: 2/2
   495 | D:3      | Noticed Sigmund
   501 | D:3      | Killed Sigmund
   501 | D:3      | Reached skill level 4 in Axes
   501 | D:3      | Reached XP level 4. HP: 34/41 MP: 3/3
   501 | D:3      | Reached XP level 5. HP: 40/47 MP: 4/4
   617 | D:3      | Noticed Robin
   626 | D:3      | Reached skill level 5 in Axes
   642 | D:3      | Killed Robin
  1040 | D:3      | Reached XP level 6. HP: 38/55 MP: 5/5
  1049 | D:3      | Reached skill level 5 in Armour
  1346 | D:3      | Reached skill level 5 in Fighting
  1346 | D:3      | Reached skill level 5 in Shields
  1440 | D:4      | Found a shadowy altar of Dithmenos.
  1604 | D:4      | Found a runed translucent gate.
  1604 | D:4      | Found a runed translucent gate.
  1605 | D:4      | Found a runed translucent gate.
  1605 | D:4      | Noticed Sondor's ghost (novice DsCK)
  1903 | D:4      | Reached skill level 6 in Axes
  1903 | D:4      | Reached XP level 7. HP: 40/61 MP: 6/6
  2206 | D:4      | Found a radiant altar of Vehumet.
  2390 | D:4      | Reached skill level 7 in Axes
  2558 | D:5      | Entered Level 5 of the Dungeon
  2679 | D:5      | Found a staircase to the Ecumenical Temple.
  2733 | D:5      | Reached XP level 8. HP: 66/70 MP: 7/7
  2768 | Temple   | Entered the Ecumenical Temple
  3070 | D:5      | Noticed Eustachio
  3084 | D:5      | Killed Eustachio
  3702 | D:2      | You are sucked into a shaft!
  3743 | D:3      | Reached skill level 8 in Axes
  4579 | D:2      | Found a sacrificial altar of Ru.
  5002 | D:6      | Found a sparkling altar of Nemelex Xobeh.
  5071 | D:6      | Found an ancient bone altar of Kikubaaqudgha.
  5072 | D:6      | Found a deep blue altar of Sif Muna.
  5124 | D:6      | Found a runed translucent door.
  5125 | D:6      | Noticed Crazy Yiuf
  5449 | D:6      | Noticed Pikel
  5476 | D:6      | Killed Pikel
  5476 | D:6      | Reached skill level 9 in Axes
  5476 | D:6      | Reached XP level 9. HP: 16/79 MP: 8/8
  5987 | D:6      | Reached skill level 10 in Axes
  6301 | D:6      | Found a snail-covered altar of Cheibriados.
  6301 | D:6      | Found a hide-covered altar of Uskayaw.
  6302 | D:6      | Found a white marble altar of Elyvilon.
  6302 | D:6      | Found a burning altar of Makhleb.
  6325 | D:6      | Became a worshipper of Makhleb the Destroyer
  6370 | D:6      | Noticed Menkaure
  6378 | D:6      | Killed Menkaure
  7094 | D:7      | Found Zuibiany's Armour Emporium.
  7162 | D:7      | Reached skill level 11 in Axes
  7162 | D:7      | Reached skill level 1 in Invocations
  7162 | D:7      | Reached XP level 10. HP: 84/90 MP: 9/9
  7164 | D:7      | Reached * piety under Makhleb
  7585 | D:7      | Found Xezopim's General Store.
  7664 | D:7      | Bought a potion of heal wounds for 65 gold pieces
  7664 | D:7      | Bought a scroll of enchant weapon for 97 gold pieces
  7664 | D:7      | Bought a scroll of magic mapping for 45 gold pieces
  7829 | D:7      | Found Wylall's Assorted Antiques.
  7955 | D:7      | Found Vuj Giz's Magic Scroll Shoppe.
  7961 | D:7      | Bought a scroll of enchant armour for 120 gold pieces
  8134 | D:8      | Reached ** piety under Makhleb
  8560 | D:8      | Found an opulent altar of Gozag.
  8773 | D:8      | Reached skill level 12 in Axes
  9074 | D:8      | Found Geimeyn's Jewellery Shoppe.
  9200 | D:8      | Found a glowing golden altar of the Shining One.
  9244 | D:8      | Reached *** piety under Makhleb
  9454 | D:9      | Noticed Joseph
  9473 | D:9      | Killed Joseph
  9731 | D:9      | Found a staircase to the Orcish Mines.
 10036 | D:9      | Reached XP level 11. HP: 55/97 MP: 12/12
 10114 | Orc:1    | Entered Level 1 of the Orcish Mines
 10317 | Orc:1    | Found Teisil's Antique Weapon Shop.
 10565 | Orc:2    | Entered Level 2 of the Orcish Mines
 10572 | Orc:2    | Reached **** piety under Makhleb
 10789 | D:8      | Bought an uncursed ring of poison resistance for 280 gold
                  | pieces
 10914 | D:10     | Entered Level 10 of the Dungeon
 11143 | D:10     | Reached skill level 10 in Fighting
 11143 | D:10     | Reached skill level 10 in Armour
 11257 | D:10     | Reached skill level 13 in Axes
 11260 | D:10     | Reached skill level 10 in Shields
 11303 | D:10     | Noticed a two-headed ogre
 11310 | D:10     | Killed a two-headed ogre
 11324 | D:10     | Noticed Nergalle
 11344 | D:10     | Killed Nergalle
 11350 | D:10     | Reached ***** piety under Makhleb
 11601 | D:10     | Found a staircase to the Lair.
 12021 | Lair:1   | Entered Level 1 of the Lair of Beasts
 12038 | Lair:1   | Reached skill level 5 in Invocations
 12721 | Lair:2   | Reached XP level 12. HP: 108/108 MP: 15/15
 12828 | Lair:2   | Reached skill level 14 in Axes
 14689 | Lair:2   | Noticed an eight-headed hydra
 14705 | Lair:2   | Killed an eight-headed hydra
 15200 | Lair:3   | Identified the Collected Works on Changing
 15261 | Lair:3   | Noticed Urug
 15277 | Lair:3   | Killed Urug
 15835 | Lair:3   | Found a staircase to the Snake Pit.
 16478 | Lair:4   | Noticed Josephine
 16487 | Lair:4   | Killed Josephine
 16569 | Lair:4   | Reached skill level 15 in Axes
 17535 | Lair:4   | Found a staircase to the Shoals.
 17875 | Lair:5   | Reached ****** piety under Makhleb
 17893 | Lair:5   | Noticed a six-headed hydra
 17913 | Lair:5   | Killed a nine-headed hydra
 17913 | Lair:5   | Reached XP level 13. HP: 39/117 MP: 17/17
 18693 | Lair:5   | Identified 2 scrolls of acquirement
 18702 | Lair:5   | Got a warped lajatang
 18933 | Lair:6   | Entered Level 6 of the Lair of Beasts
 18960 | Lair:6   | HP: 3/117 [three-headed hydra (4)]
 19495 | Lair:6   | Found a viscous altar of Jiyva.
 19496 | Lair:6   | Found a staircase to the Slime Pits.
 19721 | Lair:6   | Reached skill level 16 in Axes
 19763 | Lair:6   | Noticed a fire dragon
 19813 | Lair:6   | Killed from afar by a fire dragon

Skill      XL: |  1  2  3  4  5  6  7  8  9 10 11 12 13 |
---------------+----------------------------------------+-----
Axes           | 3 4 5 6 7 9 11 12 13 15 16 | 16.0
Fighting       | 4 5 6 7 8 9 10 11 12 | 12.2
Armour         | 4 5 6 7 8 9 10 11 12 | 12.3
Shields        | 4 5 6 7 8 9 10 11 12 | 12.2
Invocations    | 1 3 5 7 |  7.8

Action                   |  1- 3 |  4- 6 |  7- 9 | 10-12 | 13-15 || total
-------------------------+-------+-------+-------+-------+-------++-------
Melee: War axe           |    52 |   118 |   390 |   377 |       ||   937
       Headbutt          |     9 |    19 |    70 |   151 |    37 ||   286
       Broad axe         |       |       |       |   542 |   169 ||   711
Invok: Lesser Servant of |       |       |       |     6 |     1 ||     7
       Greater Servant o |       |       |       |     1 |       ||     1
  Use: Scroll            |       |       |       |    19 |     7 ||    26
  Eat: Chunk             |       |     2 |    15 |    17 |     6 ||    40
       Ration            |       |       |     1 |     6 |       ||     7
Armor: Scale mail        |    15 |    70 |    31 |       |       ||   116
       Plate armour      |       |       |   135 |   442 |   115 ||   692
Dodge: Dodged            |    13 |    42 |    69 |   207 |    40 ||   371
Block: Shield            |    28 |    80 |   206 |   562 |    68 ||   944
